 Dungeon Crawl Stone Soup version 0.22.1 (webtiles) character file.

275 erker the Changer (level 6, -3/38 HPs)
             Began as an Octopode Transmuter on Sept 17, 2018.
             Splashed by a jelly's acid (9 damage)
             ... on level 4 of the Dungeon.
             The game lasted 00:08:51 (3138 turns).

erker the Changer (Octopode Transmuter)             Turns: 3138, Time: 00:08:52

Health: -3/38      AC: -7    Str:  9    XL:     6   Next: 24%
Magic:  6/10       EV: 13    Int: 17    God:
Gold:   138        SH:  0    Dex: 13    Spells: 1/11 levels left

rFire    + . .     SeeInvis .     - Unarmed
rCold    . . .     Gourm    .   (no shield)
rNeg     . . .     Faith    .   (helmet restricted)
rPois    +         Spirit   .   (no amulet)
rElec    .         Reflect  .   t - ring of poison resistance
rCorr    .         Harm     .   z - ring of protection from fire
MR       .....                  (no ring)
Stlth    ++........             (no ring)
HPRegen  0.12/turn              (no ring)
MPRegen  0.12/turn              (no ring)
                                (no ring)
                                (no ring)

@: corroded
A: almost no armour, stealthy swim, amphibious, 8 rings, constrict 8, camouflage
1, gelatinous body 1
a: no special abilities


You were on level 4 of the Dungeon.
You were hungry.

You visited 1 branch of the dungeon, and saw 4 of its levels.

You collected 138 gold pieces.

Inventory:

Hand Weapons
 b - a +0 hand crossbow
Missiles
 a - 32 arrows
 j - 19 bolts
 p - 14 poisoned needles
 u - 7 javelins (quivered)
 x - 35 sling bullets
Magical Staves
 y - an uncursed staff of fire {unknown}
Jewellery
 t - a ring of poison resistance (left tentacle)
 z - a ring of protection from fire (right tentacle)
Scrolls
 e - a scroll of random uselessness {unknown}
 f - 4 scrolls of teleportation {unknown}
 g - 3 scrolls of enchant armour {unknown}
 k - a scroll of amnesia {unknown}
 m - 4 scrolls of identify {unknown}
 n - a scroll of magic mapping {unknown}
 q - a scroll of remove curse {unknown}
 r - a scroll of blinking {unknown}
 w - a scroll of enchant weapon {unknown}
Potions
 d - a potion of magic {unknown}
 h - 3 potions of curing {unknown}
 i - a potion of invisibility {unknown}
 l - a potion of agility {unknown}
 o - a potion of heal wounds {unknown}
 v - a potion of lignification {unknown}
Comestibles
 c - 7 rations


   Skills:
 - Level 1.0 Fighting
 - Level 2.0 Dodging
 - Level 3.0 Unarmed Combat
 - Level 3.1 Spellcasting
 + Level 4.7 Transmutations
 * Level 2.2 Ice Magic
 - Level 2.0 Poison Magic


You had one spell level left.
You knew the following spells:

 Your Spells              Type           Power        Failure   Level  Hunger
a - Beastly Appendage     Tmut           ###...       2%          1    None
s - Spider Form           Tmut/Pois      ##........   13%         3    ###....
t - Sticks to Snakes      Tmut           ###.....     3%          2    ##.....
y - Ice Form              Ice/Tmut       ##......     38%         4    ####...

Your spell library contained the following spells:

 Spells                   Type           Power        Failure   Level  Hunger
 Magic Dart               Conj           #...         17%         1    None
 Searing Ray              Conj           #.....       26%         2    ##.....
 Dazzling Spray           Conj/Hex       #.....       45%         3    ###....
 Blade Hands              Tmut           ###.......   56%         5    ######.
 Force Lance              Conj/Tloc      #.......     86%         4    ####...
 Fulminant Prism          Conj/Hex       #.........   86%         4    ####...
 Iskenderun's Mystic Bla  Conj           #.......     86%         4    ####...


Dungeon Overview and Level Annotations

Branches:
Dungeon (4/15)
 Temple: D:4-7

Altars:
Makhleb


Innate Abilities, Weirdness & Mutations

You cannot wear most types of armour.
You are very stealthy in the water. (Stealth+)
You are amphibious.
You can wear up to eight rings at the same time.
You can use your tentacles to constrict eight enemies at once.
Your skin changes colour to match your surroundings (Stealth+).
Your rubbery body absorbs attacks. (AC +1, EV +1)


Message History

Casting: Sticks to Snakes (safe; 3% risk of failure)
Confirm with . or Enter, or press ? or * to list all spells.
You create a snake!
You now have 34 arrows.
The ooze jiggles.
You swap places.
Your ball python bites the jelly.
The acid corrodes your ball python!
Your ball python is burned by acid!
Your ball python withers and dies!
Casting: Sticks to Snakes (safe; 3% risk of failure)
Confirm with . or Enter, or press ? or * to list all spells.
You create 2 snakes!
You now have 32 arrows.
The jelly hits you. The acid corrodes you!
You are splashed with acid!
The acid burns!
* * * LOW HITPOINT WARNING * * *
The ooze hits your ball python.
Your ball python dies!
You swap places.
Your ball python bites the jelly.
Your ball python is burned by acid!
Your ball python withers and dies!
The jelly hits you.
* * * LOW HITPOINT WARNING * * *
The acid corrodes you!
You are splashed with acid!
The acid burns!
You die...

##.......#.##...# #.)......#..#
#........'.##..<# #..####..#..#
#........####...###..####.[....
#........# #.###.........##..#
#........# #.>...............#
#........# #...........#.##..#
#........# #..####..####.....#
#........# #..................
#........# #.@####.[####.##...
#........####J.# #............
#.......J..J...# ###########.#
#..#.########### ### #.. #....#
#######J## #.# #..#.#
#####....#.#.# #.# #.J#J#
#.##.....#.#J# #.#
#.##J###.'......#'#.# #.#
###.##.##).'...(....#J# #..


You could see a jelly and an ooze.

Vanquished Creatures
  An orc priest (D:3)
  A jelly (D:4)
  An orc wizard (D:3)
  A centaur skeleton (D:4)
  A hound skeleton (D:4)
  2 gnolls (D:4)
  2 adders
  4 oozes
  A worm (D:2)
  3 dart slugs (D:2)
  3 orcs
  8 bats
  4 giant cockroaches
  4 goblins
  A hobgoblin (D:1)
  8 jackals
  15 kobolds
  2 quokkas (D:2)
  4 frilled lizards
  5 rats
71 creatures vanquished.

Vanquished Creatures (collateral kills)
  2 gnolls (D:4)
  2 orcs (D:3)
4 creatures vanquished.

Vanquished Creatures (others)
  2 fungi (D:4)
  10 toadstools (D:4)
12 creatures vanquished.

Grand Total: 87 creatures vanquished

Notes
Turn   | Place    | Note
-------+----------+-------------------------------------------
     0 | D:1      | erker the Octopode Transmuter began the quest for the Orb.
     0 | D:1      | Reached XP level 1. HP: 13/13 MP: 3/3
   260 | D:1      | Reached XP level 2. HP: 11/18 MP: 5/5
   264 | D:1      | Learned a level 2 spell: Sticks to Snakes
   849 | D:2      | Reached XP level 3. HP: 12/23 MP: 6/6
   854 | D:2      | Learned a level 3 spell: Spider Form
   863 | D:2      | Found a burning altar of Makhleb.
   869 | D:2      | Reached skill level 3 in Transmutations
  1118 | D:2      | Reached skill level 1 in Poison Magic
  1498 | D:2      | Reached XP level 4. HP: 21/28 MP: 8/8
  2395 | D:3      | Reached skill level 4 in Transmutations
  2395 | D:3      | Reached XP level 5. HP: 30/33 MP: 3/9
  2410 | D:3      | Learned a level 4 spell: Ice Form
  2615 | D:4      | Reached skill level 1 in Ice Magic
  2734 | D:4      | Reached XP level 6. HP: 21/38 MP: 5/10
  3138 | D:4      | Splashed by a jelly's acid

Skill      XL: |  1  2  3  4  5  6 |
---------------+-------------------+-----
Transmutations | 3 4 |  4.7
Poison Magic   | 1 2 |  2.0
Spellcasting   | 3 |  3.1
Ice Magic      | 1 2 |  2.2
Fighting       | |  1.0
Dodging        | |  2.0
Unarmed Combat | |  3.0

Action                   |  1- 3 |  4- 6 || total
-------------------------+-------+-------++-------
Melee: Unarmed           |    90 |   112 ||   202
       Constrict         |    25 |    14 ||    39
       Tentacles         |    15 |     7 ||    22
       Kick              |     4 |       ||     4
       Punch             |       |     1 ||     1
 Cast: Beastly Appendage |     2 |     3 ||     5
       Spider Form       |       |     5 ||     5
       Sticks to Snakes  |       |     6 ||     6
 Stab: Sleeping          |     6 |     6 ||    12
       Distracted        |       |     1 ||     1
  Eat: Chunk             |     1 |     6 ||     7
Armor: Skin              |    15 |     8 ||    23
Dodge: Dodged            |    59 |    79 ||   138
